 Dungeon Crawl Stone Soup version 0.31.0-32-g396128a36d (webtiles) character file.

Game seed: 6745923510528441094

86 cdecastro the Chopper (level 4, 0/35 HPs)
             Began as a Human Cinder Acolyte on Mar 12, 2024.
             Was a High Priest of Ignis.
             Constricted to death by Ijyb (3 damage)
             ... on level 3 of the Dungeon.
             The game lasted 00:04:31 (2044 turns).

cdecastro the Chopper (Human Cinder Acolyte)        Turns: 2044, Time: 00:04:32

Health: 0/35       AC:  3    Str: 14    XL:     4   Next: 49%
Magic:  5/5        EV:  8    Int: 16    God:    Ignis [*****.]
Gold:   129        SH:  0    Dex:  9    Spells: 5/5 levels left

rFire   + . .        a - -1 hand axe (flame)
rCold   . . .        (no shield)
rNeg    . . .        b - +0 robe
rPois   .            (no helmet)
rElec   .            (no cloak)
rCorr   .            f - +0 pair of gloves
SInv    .            (no boots)
Will    .....        (no amulet)
Stlth   +            (no ring)
HPRegen 0.25/turn    (no ring)
MPRegen 0.09/turn

%: no passive effects
@: grasped by roots, constricted
A: explore regen
a: Renounce Religion, Fiery Armour, Foxfire Swarm, Rising Flame


You were on level 3 of the Dungeon.
You worshipped Ignis.
Ignis was extremely pleased with you.
You visited 1 branch of the dungeon, and saw 3 of its levels.

You collected 129 gold pieces.

Inventory:

Hand Weapons
 a - a -1 hand axe of flaming (weapon)
Missiles
 e - 2 atropa-tipped darts (quivered)
 j - 4 poisoned darts
Armour
 b - a +0 robe (worn)
 f - a +0 pair of gloves (worn)
Talismans
 l - a blade talisman
Scrolls
 c - a scroll of teleportation {unknown}
 d - 4 scrolls of identify {unknown}
 g - a scroll of fog {unknown}
 h - a scroll of brand weapon {unknown}
 i - 2 scrolls of revelation {unknown}


   Skills:
 - Level 3.0 Fighting
 + Level 5.1 Axes
 - Level 1.0 Spellcasting
 - Level 3.0 Fire Magic


You had 5 spell levels left.
You didn't know any spells.
Your spell library contained the following spells:

 Spells                   Type           Power      Damage    Failure   Level
 Scorch                   Fire           20%        2d5       10%         2


Dungeon Overview and Level Annotations

Branches:
Dungeon (3/15)

Altars:

Annotations:
D:3 Ijyb


Innate Abilities, Weirdness & Mutations

You regain HP and MP as you explore.


Message History

You hit Ijyb. You burn Ijyb.
Ijyb is moderately wounded.
Ijyb grins evilly.
Ijyb hits you but does no damage. The grasping roots constrict you.
* * * LOW HITPOINT WARNING * * *
The grasping roots release their grip on you.
You hit Ijyb but do no damage.
Ijyb is moderately wounded.
Ijyb hits you with a +0 club.
* * * LOW HITPOINT WARNING * * *
Ijyb barely misses you.
You closely miss Ijyb.
Ijyb is moderately wounded.
Ijyb misses you.
You hit Ijyb but do no damage.
Ijyb is moderately wounded.
Ijyb hits you with a +0 club.
* * * LOW HITPOINT WARNING * * *
You closely miss Ijyb. Your punch misses Ijyb.
Ijyb is moderately wounded.
Ijyb closely misses you.
Okay, then.
It was a potion of curing.
You feel better. Ijyb barely misses you.
You hit Ijyb. You burn Ijyb.
Ijyb is severely wounded.
Ijyb zaps a wand.
The roots erupt in riotous growth!
The grasping roots grab you!
Ijyb is unaffected.
The grasping roots constrict you.
* * * LOW HITPOINT WARNING * * *
You hit Ijyb. You burn Ijyb.
Ijyb is almost dead.
Ijyb hits you with a +0 club.
* * * LOW HITPOINT WARNING * * *
The grasping roots constrict you.
* * * LOW HITPOINT WARNING * * *
Unknown command.
You closely miss Ijyb.
Ijyb is almost dead.
Ijyb closely misses you. The grasping roots constrict you.
You die...

. ## . .# ######
.# #....# .#
#.##@# ## #.##g#
.############.#..#
.#.......##...#...
.........##.######
..........#.....#
##...†....#####.#
#........#.....#
#........#...###


You could see Ijyb.

Vanquished Creatures
  3 adders
  2 dart slugs
  8 endoplasms
  A giant cockroach (D:2)
  5 goblins
  2 hobgoblins
  4 jackals (D:2)
  3 quokkas
  4 ball pythons
  2 bats (D:1)
  3 frilled lizards
  8 kobolds
  6 rats
51 creatures vanquished.

Notes
Turn   | Place    | Note
-------+----------+-------------------------------------------
     0 | D:1      | cdecastro the Human Cinder Acolyte began the quest for the
                  | Orb.
     0 | D:1      | Reached XP level 1. HP: 18/18 MP: 2/2
   196 | D:1      | Reached XP level 2. HP: 18/24 MP: 3/3
   418 | D:1      | Reached skill level 4 in Axes
   580 | D:1      | Found a faded altar of an unknown god.
   677 | D:1      | Reached XP level 3. HP: 7/29 MP: 4/4
  1493 | D:2      | Reached XP level 4. HP: 27/35 MP: 5/5
  1667 | D:2      | Reached skill level 5 in Axes
  2027 | D:3      | Noticed Ijyb
  2039 | D:3      | HP: 1/35 [Ijyb/+0 club (3)]
  2044 | D:3      | Constricted to death by Ijyb

Illustrated notes

Levels and vault maps discovered:
D:1:      lightli_iron_boxes, layout_basic, serial_forest,
          infiniplex_forest_end_1, infiniplex_forest_clump_medium,
          infiniplex_forest_clump_long, infiniplex_forest_straight_3,
          infiniplex_forest_lined_room_2, infiniplex_forest_straight_2,
          infiniplex_forest_clump_medium, infiniplex_forest_clump_cross,
          nicolae_ecumenical_snake_handling
D:2:      layout_loops_ring
D:3:      layout_basic, mainiacjoe_overflow_six_doors_small, old_standard_altar,
          minmay_misc_feat_four_crosses, uniq_ijyb

Skill      XL: |  1  2  3  4 |
---------------+-------------+-----
Axes           | 4 5 |  5.1
Fighting       | |  3.0
Spellcasting   | |  1.0
Fire Magic     | |  3.0

Action                     |  1- 3 |  4- 6 || total
---------------------------+-------+-------++-------
  Melee: Hand axe          |   153 |    34 ||   187
    Use: Potion            |       |     1 ||     1
   Stab: Sleeping          |       |     1 ||     1
 Armour: Robe              |   110 |    14 ||   124
  Dodge: Dodged            |    96 |    19 ||   115
